 Dungeon Crawl Stone Soup version 0.32-a0-871-ge202e49faa (webtiles) character file.

Game seed: 11495288705159935904

501 Mawloc the Grave Robber (level 6, -11/32 HPs)
             Began as a Vampire Necromancer on Mar 29, 2024.
             Mangled by Menkaure (18 damage)
             ... on level 5 of the Dungeon.
             The game lasted 00:06:23 (5449 turns).

Mawloc the Grave Robber (Vampire Necromancer)       Turns: 5449, Time: 00:06:24

Health: -11/32     AC:  3    Str:  7    XL:     6   Next: 95%
Magic:  11/11      EV: 11    Int: 20    God:
Gold:   289        SH:  0    Dex: 14    Spells: 0/12 levels left

rFire   . . .        t - +0 whip (elec)
rCold   + + .        (no shield)
rNeg    + + +        a - +0 robe
rPois   ∞            n - +0 helmet
rElec   .            (no cloak)
rCorr   .            (no gloves)
SInv    +            (no boots)
Will    .....        (no amulet)
Stlth   ++++         (no ring)
HPRegen 0.00/turn    (no ring)
MPRegen 0.12/turn

%: no passive effects
@: mighty, bloodless, inhibited regen
A: bloodless, fangs 3, see invisible, vampiric 2
a: Bat Form, Revivify


You were on level 5 of the Dungeon.
You visited 1 branch of the dungeon, and saw 5 of its levels.

You collected 289 gold pieces.

Inventory:

Hand Weapons
 t - a +0 whip of electrocution (weapon)
Armour
 a - a +0 robe (worn)
 n - a +0 helmet (worn)
Magical Staves
 k - a staff of alchemy {!a}
Scrolls
 f - 2 scrolls of teleportation {@r4}
 g - a scroll of enchant armour {unknown}
 j - a scroll of identify {@r1}
 l - a scroll of noise {unknown}
 o - a scroll of torment {unknown}
 q - 2 scrolls of vulnerability {unknown}
 r - a scroll of poison {unknown}
 s - a scroll of fog {unknown}
 v - a scroll of brand weapon {unknown}
Potions
 b - 2 potions of magic
 c - a potion of mutation {unknown}
 d - a potion of invisibility {unknown}
 e - a potion of curing {@q1}
 h - 2 potions of resistance
 m - a potion of haste {unknown}
 p - 3 potions of brilliance {unknown}
 u - a potion of ambrosia {unknown}


   Skills:
 - Level 2.1 Dodging
 - Level 3.0 Stealth
 + Level 3.9 Spellcasting
 * Level 6.2 Necromancy
 * Level 5.0 Alchemy


You couldn't memorise any spells.
You knew the following spells:

 Your Spells              Type           Power      Damage    Failure   Level
a - Animate Dead          Necr           29%        N/A       10%         4
o - Olgreb's Toxic Radia  Alch           24%        N/A       16%         4
s - Stone Arrow           Conj/Erth      6%         3d7       36%         3
X - Necrotise             Necr           100%       1d9       1%          1

Your spell library contained the following spells:

 Spells                   Type           Power      Damage    Failure   Level
 Sublimation of Blood     Necr           29%        N/A       1%          2
 Vampiric Draining        Necr           29%        2d8       3%          3
 Sting                    Conj/Alch      52%        1d6       4%          1
 Mercury Vapours          Alch/Air       26%        N/A       7%          2
 Sandblast                Erth           6%         2d5       13%         1
 Call Imp                 Summ           6%         N/A       21%         2
 Curse of Agony           Necr           29%        N/A       26%         5
 Brom's Barrelling Bould  Conj/Erth      3%         2d3       78%         4
 Summon Hydra             Summ           1%         N/A       100%        7


Dungeon Overview and Level Annotations

Branches:
Dungeon (5/15)
 Temple: D:4-7

Altars:
Cheibriados
Wu Jian

Annotations:
D:5 Menkaure


Innate Abilities, Weirdness & Mutations

You do not regenerate when monsters are visible.
You are frail without blood (-20% HP).
You can heal yourself when you bite living creatures.
You are immune to poison.
You have razor-sharp teeth.
You have supernaturally acute eyesight. (SInv)
You are afflicted with vampirism and can become a bat while bloodless.


Message History

You feel sick.
You feel sick.
You feel sick.
You feel sick.
You feel sick.
You are no longer poisoned.
You see here a scorpion corpse.
Key pressed, stopping explore.
You see here a scorpion corpse.
You see here a +0 plate armour.
Key pressed, stopping explore.
There is an open door here.
v - a scroll labelled TOALI JARPHIZXA You now have 289 gold pieces (gained 17).
There is an open door here.
There is a stone staircase leading up here.
Menkaure, Prince of Dust comes into view.
Menkaure shouts!
Menkaure calls on the powers of darkness!
Your body is wracked with pain!
There is a stone staircase leading up here.
You climb upwards.
There is a stone staircase leading down here.
You start resting.
You climb downwards.
Level annotation: Menkaure
There is a stone staircase leading up here.
You climb upwards.
There is a stone staircase leading down here.
You begin bloodletting.
You continue bloodletting. x5
You become bloodless.
Okay, then.
You feel very mighty all of a sudden.
You climb downwards.
Level annotation: Menkaure
There is a stone staircase leading up here.
You whack Menkaure! Menkaure hits you!
Ouch! That really hurt!
* * * LOW HITPOINT WARNING * * *
You barely miss Menkaure. Menkaure closely misses you.
Unknown command.
You whack Menkaure!
Menkaure mumbles some strange words.
Menkaure seems to speed up.
You hit Menkaure. Menkaure hits you!
* * * LOW HITPOINT WARNING * * *
Unknown command.
You barely miss Menkaure. Menkaure hits you!!
Ouch! That really hurt!
You die...

... ... #.# #.# #.#
#.# #.# #M# ###
#@##### #######.###
#.#...#########
#.........#
#<#.#.........#
#.#..##.#.#
##.#...#######.#
#.#..##.#.#####...#.##
#.#
#.#.................#
#.#
#.....†.#.#####...###
#.# ####.#.##.# ##.##
#.# #.#.##.# #.# #.#


You could see Menkaure (fast).

Vanquished Creatures
  A phantom (D:5)
  3 scorpions
  2 hounds (D:5)
  An orc priest (D:4)
  An iguana (D:4)
  An orc wizard (D:5)
  2 adders
  2 ufetubi
  A ribbon worm (D:4)
  7 orcs
  11 ball pythons
  5 bats
  6 endoplasms
  3 giant cockroaches
  4 goblins
  6 hobgoblins
  3 jackals (D:4)
  A quokka (D:3)
  4 frilled lizards
  7 kobolds
  3 rats
74 creatures vanquished.

Vanquished Creatures (collateral kills)
  A ball python (D:3)
  An endoplasm (D:1)
  A giant cockroach (D:1)
  A goblin (D:1)
  2 rats
6 creatures vanquished.

Grand Total: 80 creatures vanquished

Notes
Turn   | Place    | Note
-------+----------+-------------------------------------------
     0 | D:1      | Mawloc the Vampire Necromancer began the quest for the Orb.
     0 | D:1      | Reached XP level 1. HP: 13/13 MP: 3/3
   268 | D:1      | Reached XP level 2. HP: 19/19 MP: 3/5
  1102 | D:2      | Reached skill level 1 in Alchemy
  1102 | D:2      | Gained mutation: You are afflicted with vampirism and can
                  | become a bat while bloodless. [Vampire growth]
  1102 | D:2      | Reached XP level 3. HP: 24/24 MP: 3/6
  1975 | D:3      | Reached skill level 5 in Necromancy
  2671 | D:3      | Found a snail-covered altar of Cheibriados.
  3174 | D:4      | Reached XP level 4. HP: 30/30 MP: 4/8
  3288 | D:4      | Noticed a scorpion
  3295 | D:4      | Killed a scorpion
  3296 | D:4      | Reached skill level 3 in Spellcasting
  3376 | D:4      | Reached skill level 3 in Alchemy
  3526 | D:4      | Reached XP level 5. HP: 35/35 MP: 5/9
  3573 | D:4      | Identified the +0 leather armour of the Mind {Str+3 Int-4
                  | Dex+3 SInv}
  4270 | D:4      | Learned a level 4 spell: Olgreb's Toxic Radiance
  4275 | D:4      | Learned a level 4 spell: Animate Dead
  4316 | D:5      | Entered Level 5 of the Dungeon
  4439 | D:5      | Reached XP level 6. HP: 40/41 MP: 6/11
  4557 | D:4      | Learned a level 3 spell: Stone Arrow
  5008 | D:5      | Found an ornate altar of the Wu Jian Council.
  5105 | D:5      | Reached skill level 6 in Necromancy
  5390 | D:5      | Noticed Menkaure
  5449 | D:5      | Mangled by Menkaure

Illustrated notes

Levels and vault maps discovered:
D:1:      dpeg_arrival_yet_another_circle, layout_basic
D:2:      layout_basic, grunt_ministairs_14
D:3:      cheibrodos_helix_gallery, layout_basic,
          gammafunk_temple_overflow_statue
D:4:      layout_loops_corners, grunt_ministairs_10
D:5:      layout_loops_corners, nicolae_wu_jian_glorious_leap, uniq_menkaure

Skill      XL: |  1  2  3  4  5  6 |
---------------+-------------------+-----
Alchemy        | 1 2 3 4 5 |  5.0
Necromancy     | 5 6 |  6.2
Spellcasting   | 3 |  3.9
Dodging        | |  2.1
Stealth        | |  3.0

Action                     |  1- 3 |  4- 6 || total
---------------------------+-------+-------++-------
  Melee: Whip              |       |    22 ||    22
         Staff             |       |     7 ||     7
         Bite              |       |     1 ||     1
   Cast: Necrotise         |    80 |    71 ||   151
Ability: Exsanguinate      |       |     1 ||     1
    Use: Scroll            |       |     4 ||     4
         Potion            |       |     4 ||     4
 Armour: Robe              |     5 |    64 ||    69
  Dodge: Dodged            |    11 |    67 ||    78

Table legend: (Time is in decaauts)
 A = Elapsed time spent in this place.
 B = Non-inter-level travel time spent in this place.
 C = Inter-level travel time spent in this place.
 D = Time resting spent in this place.
 E = Time spent auto-exploring this place.
 F = Levels seen in this place.
 G = Mean time per level.
                   A        B        C        D        E       F      G
               +--------+--------+--------+--------+--------+-----+--------+
         Total |   5454 |   4972 |    482 |    190 |   4268 |   5 | 1090.8 |
       Dungeon |   5454 |   4972 |    482 |    190 |   4268 |   5 | 1090.8 |
               +--------+--------+--------+--------+--------+-----+--------+

Top non-repeatable levels by time:
     D:4: 1571 daAuts
     D:3: 1366 daAuts
     D:1: 1004 daAuts
     D:5: 842 daAuts
     D:2: 670 daAuts
